 Dungeon Sprint DCSS version 0.23-a0-681-g26ad783 (webtiles) character file.

814 Lanoc the Carver (level 8, 0/68 HPs)
             Began as a Formicid Fighter on Jan 10, 2019.
             Was the Champion of Jiyva.
             Slain by a catoblepas (5 damage)
             ... in the Dungeon (Sprint IX: "|||||||||||||||||||||||||||||").
             The game lasted 00:05:05 (572 turns).

Lanoc the Carver (Formicid Fighter)                  Turns: 572, Time: 00:05:06

Health: 0/68       AC: 16    Str: 31    XL:     8   Next: 15%
Magic:  8/8        EV:  2    Int: 11    God:    Jiyva [******]
Gold:   0          SH:  0    Dex: 10    Spells: 7/7 levels left

rFire    . . .     SeeInvis +   p - +2 scimitar (holy)
rCold    . . .     Gourm    .   c - +0 shield
rNeg     + + +     Faith    .   r - +0 plate armour
rPois    ∞         Spirit   .   (helmet unavailable)
rElec    .         Reflect  .   (no cloak)
rCorr    +         Harm     .   q - +0 pair of gloves
MR       +....                  a - +0 pair of boots
Stlth    ..........             (no amulet)
HPRegen  0.21/turn              s - +3 ring of strength
MPRegen  0.11/turn              t - +3 ring of intelligence

@: mighty, petrified
A: permanent stasis, dig shafts and tunnels, four strong arms, antennae 3,
talons 1, magic resistance 1, evolution 1, jelly absorbing missiles
a: Dig, Request Jelly, Slimify, Cure Bad Mutation, Renounce Religion


You were in the Dungeon.
You worshipped Jiyva.
Jiyva was exalted by your worship.
You were not hungry.

You visited 1 branch

Inventory:

Hand Weapons
 p - a +2 scimitar of holy wrath (weapon)
Armour
 a - a +0 pair of boots (worn)
 c - a +0 shield (worn)
 q - a +0 pair of gloves (worn)
 r - a +0 plate armour (worn)
Jewellery
 s - a +3 ring of strength (left hand)
 t - a +3 ring of intelligence (right hand)
Wands
 o - a wand of iceblast (10)
Scrolls
 k - 2 scrolls of blinking
 l - 3 scrolls of remove curse
 n - 2 scrolls of amnesia
Potions
 e - 5 potions of curing
 g - 3 potions of heal wounds
 h - a potion of haste
 i - 4 potions of magic
 j - a potion of berserk rage
 m - a potion of invisibility
Comestibles
 f - a ration


   Skills:
 + Level 8.1 Fighting
 * Level 10.0 Long Blades
 + Level 8.3 Armour
 + Level 6.1 Dodging
 + Level 9.1 Shields


You had 7 spell levels left.
You didn't know any spells.
Your spell library was empty.

Dungeon Overview and Level Annotations

Branches:
Dungeon (1/1)

Altars:
Cheibriados
Dithmenos
Elyvilon
Fedhas
Gozag
Hepliaklqana
Kikubaaqudgha
Makhleb
Nemelex Xobeh
Okawaru
Qazlal
Ru
Sif Muna
Trog
Uskayaw
Vehumet
Wu Jian
Xom
Yredelemnul
Zin
The Shining One
Beogh
Jiyva
Lugonu


Innate Abilities, Weirdness & Mutations

You cannot be hasted, slowed, berserked, paralysed or teleported.
You can dig through walls and to a lower floor.
Your four strong arms can wield two-handed weapons with a shield.
You have a pair of large antennae on your head. (SInv)
You have sharp toenails.
You are resistant to hostile enchantments. (MR+)
You evolve.
You have a small jelly attached to you that may absorb incoming projectiles.


Message History

You hit the catoblepas.
The catoblepas is moderately wounded.
You are engulfed in calcifying dust.
Your limbs have turned to stone.
The catoblepas gores you.
You have turned to stone.
You are engulfed in calcifying dust.
The catoblepas gores you but does no damage.
The catoblepas gores you!!
* * * LOW HITPOINT WARNING * * *
The catoblepas breathes a plume of calcifying dust at you.
The blast of calcifying dust hits you!
* * * LOW HITPOINT WARNING * * *
You are engulfed in calcifying dust.
The catoblepas gores you but does no damage.
You are engulfed in calcifying dust.
The catoblepas gores you but does no damage.
You are engulfed in calcifying dust.
The wight is no longer petrified.
The catoblepas gores you.
* * * LOW HITPOINT WARNING * * *
You are engulfed in calcifying dust.
The catoblepas gores you!
You die... {{{{{ {{{{{{{{{ {{{{{{{{ ▓▓▓▓▓▓▓▓▓▓▓▓▓▓▓▓▓▓▓▓▓▓▓▓▓▓▓▓▓▓▓▓▓ _________'..§§..@YzoW...WoW..{{oW ▓▓▓▓▓▓▓▓▓▓▓▓▓▓▓▓▓▓▓▓▓▓▓▓▓▓▓▓▓▓▓▓▓

You could see a catoblepas, a wraith, a wight and an orc (petrified).

Vanquished Creatures
  A two-headed ogre (D)
  A black bear (D)
  A sky beast (D)
  A scorpion (D)
  2 crimson imps (D)
  An iguana (D)
  An adder (D)
  An adder zombie (D)
  An adder skeleton (D)
  2 dart slugs (D)
  A giant cockroach (D)
  A kobold (D)
  A quokka skeleton (D)
  2 rats (D)
17 creatures vanquished.

Vanquished Creatures (others)
  3 jellies (D)
  A giant cockroach zombie (D)
4 creatures vanquished.

Grand Total: 21 creatures vanquished

Notes
Turn   | Place    | Note
-------+----------+-------------------------------------------
     0 | D        | Lanoc the Formicid Fighter began the quest for the Orb.
     0 | D        | Reached XP level 1. HP: 18/18 MP: 1/1
    15 | D        | Reached skill level 1 in Dodging
    15 | D        | Reached XP level 2. HP: 18/25 MP: 2/2
   100 | D        | Noticed a crimson imp
   108 | D        | Reached skill level 3 in Long Blades
   116 | D        | Reached XP level 3. HP: 26/30 MP: 3/3
   137 | D        | Reached skill level 4 in Long Blades
   137 | D        | Reached skill level 5 in Shields
   137 | D        | Reached XP level 4. HP: 36/38 MP: 4/4
   144 | D        | Found a roughly hewn altar of Beogh.
   144 | D        | Found a snail-covered altar of Cheibriados.
   144 | D        | Found a shadowy altar of Dithmenos.
   144 | D        | Found a white marble altar of Elyvilon.
   144 | D        | Found a blossoming altar of Fedhas.
   144 | D        | Found an opulent altar of Gozag.
   145 | D        | Found a hazy altar of Hepliaklqana.
   146 | D        | Found a viscous altar of Jiyva.
   147 | D        | Found an ancient bone altar of Kikubaaqudgha.
   148 | D        | Found a corrupted altar of Lugonu.
   149 | D        | Found a burning altar of Makhleb.
   150 | D        | Found a sparkling altar of Nemelex Xobeh.
   151 | D        | Found an iron altar of Okawaru.
   152 | D        | Found a stormy altar of Qazlal.
   153 | D        | Found a sacrificial altar of Ru.
   154 | D        | Found a deep blue altar of Sif Muna.
   155 | D        | Found a bloodstained altar of Trog.
   156 | D        | Found a hide-covered altar of Uskayaw.
   157 | D        | Found a radiant altar of Vehumet.
   158 | D        | Found an ornate altar of the Wu Jian Council.
   159 | D        | Found a shimmering altar of Xom.
   160 | D        | Found a basalt altar of Yredelemnul.
   161 | D        | Found a glowing silver altar of Zin.
   162 | D        | Found a glowing golden altar of the Shining One.
   198 | D        | Became a worshipper of Jiyva Jiracipp the Shapeless
   260 | D        | Noticed a black bear
   260 | D        | Noticed a sky beast
   266 | D        | Killed a black bear
   266 | D        | Reached skill level 5 in Fighting
   266 | D        | Reached skill level 6 in Long Blades
   266 | D        | Reached skill level 5 in Armour
   266 | D        | Reached XP level 5. HP: 37/45 MP: 5/5
   287 | D        | Killed a sky beast
   287 | D        | Reached skill level 7 in Long Blades
   287 | D        | Reached XP level 6. HP: 14/52 MP: 6/6
   309 | D        | Reached skill level 8 in Long Blades
   507 | D        | Reached * piety under Jiyva
   509 | D        | Reached ** piety under Jiyva
   510 | D        | Noticed a two-headed ogre
   510 | D        | Noticed a catoblepas
   510 | D        | Noticed a wraith
   513 | D        | Reached *** piety under Jiyva
   519 | D        | Gained mutation: You occasionally shout uncontrollably at
                  | your foes. [Jiyva's grace]
   519 | D        | Reached **** piety under Jiyva
   525 | D        | Gained mutation: Your body sometimes deteriorates upon
                  | taking damage. [Jiyva's grace]
   525 | D        | Reached ***** piety under Jiyva
   526 | D        | Lost mutation: You occasionally shout uncontrollably at
                  | your foes. [Jiyva's grace]
   527 | D        | Gained mutation: You expend magic power (3 MP) to
                  | strengthen your wands. [Jiyva's grace]
   527 | D        | Reached ****** piety under Jiyva
   527 | D        | Gained mutation: You are partially covered in thin metallic
                  | scales. (AC +2) [Jiyva's grace]
   529 | D        | Gained mutation: You have sharp toenails. [Jiyva's grace]
   532 | D        | Gained mutation: You have a small jelly attached to you
                  | that may absorb incoming projectiles. [Jiyva's grace]
   537 | D        | Lost mutation: Your body sometimes deteriorates upon taking
                  | damage. [Jiyva's grace]
   544 | D        | Lost mutation: You expend magic power (3 MP) to strengthen
                  | your wands. [Jiyva's grace]
   545 | D        | Gained mutation: You are resistant to hostile enchantments.
                  | (MR+) [Jiyva's grace]
   545 | D        | Lost mutation: You are partially covered in thin metallic
                  | scales. (AC +2) [Jiyva's grace]
   547 | D        | Gained mutation: You evolve. [Jiyva's grace]
   552 | D        | Killed a two-headed ogre
   552 | D        | Reached skill level 10 in Long Blades
   552 | D        | Reached XP level 7. HP: 60/62 MP: 7/7
   552 | D        | Reached XP level 8. HP: 66/68 MP: 8/8
   572 | D        | Slain by a catoblepas

Vault maps used:
D:        linesprint

Skill      XL: |  1  2  3  4  5  6 |
---------------+-------------------+-----
Shields        | 4 5 6 7 9 |  9.1
Dodging        | 1 2 3 4 6 |  6.1
Long Blades    | 3 4 6 7 10 | 10.0
Fighting       | 4 5 6 8 |  8.1
Armour         | 4 5 6 8 |  8.3

Action                   |  1- 3 |  4- 6 |  7- 9 || total
-------------------------+-------+-------+-------++-------
Melee: Long sword        |    40 |       |       ||    40
       Scimitar          |       |    58 |     2 ||    60
  Use: Potion            |       |       |     1 ||     1
 Stab: Petrified         |       |     3 |       ||     3
Armor: Scale mail        |    18 |       |       ||    18
       Plate armour      |       |    28 |     4 ||    32
Dodge: Dodged            |    11 |    16 |     1 ||    28
Block: Shield            |    15 |    23 |       ||    38
       Rpst.: Long sword |     3 |       |       ||     3
       Scimitar          |       |     3 |       ||     3

Table legend:
 A = Non-vault XP
 B = Vault XP
 C = Vault XP percentage of total XP
 D = Non-vault monster count
 E = Vault monster count
 F = Vault count percentage of total count
                 A         B        C        D         E       F
            +---------+---------+-------+---------+---------+-------
      Total |       0 |    1163 | 100.0 |       0 |      17 | 100.0
            +---------+---------+-------+---------+---------+-------
          D |       0 |    1163 | 100.0 |       0 |      17 | 100.0
            +---------+---------+-------+---------+---------+-------
